 Dungeon Crawl Stone Soup version 0.26-a0-257-g47e9e61525 (webtiles) character file.

Game seed: 5800466058576581508

34 BritishOli the Skirmisher (level 3, -8/29 HPs)
             Began as a Demonspawn Fighter on July 10, 2020.
             Killed from afar by a white imp (19 damage)
             ... with a puff of frost
             ... on level 2 of the Dungeon.
             The game lasted 00:00:51 (1685 turns).

BritishOli the Skirmisher (Demonspawn Fighter)      Turns: 1685, Time: 00:00:51

Health: -8/29      AC:  9    Str: 17    XL:     3   Next: 14%
Magic:  3/3        EV:  7    Int:  9    God:
Gold:   56         SH:  9    Dex: 12    Spells: 2/2 levels left

rFire    + . .     SeeInvis .   a - +0 long sword
rCold    x . .     Faith    .   c - +0 kite shield
rNeg     . . .     Spirit   .   b - +0 scale mail
rPois    .         Reflect  .   (no helmet)
rElec    .         Harm     .   (no cloak)
rCorr    .                      (no gloves)
MR       .....                  (no boots)
Stlth    ..........             (no amulet)
HPRegen  0.09/turn              g - ring of fire
MPRegen  0.08/turn              (no ring)

@: no status effects
A: molten scales 2
a: no special abilities


You were on level 2 of the Dungeon.
You were not hungry.

You visited 1 branch of the dungeon, and saw 2 of its levels.

You collected 56 gold pieces.

Inventory:

Hand Weapons
 a - a +0 long sword (weapon)
Armour
 b - a +0 scale mail (worn)
 c - a +0 kite shield (worn)
Jewellery
 g - a ring of fire (left hand)
Scrolls
 e - 2 scrolls of fear {unknown}
 h - a scroll of random uselessness {unknown}
 j - a scroll of identify {unknown}
 m - a scroll of enchant weapon {unknown}
Potions
 d - a potion of might
 i - a potion of flight {unknown}
 k - a potion of heal wounds {unknown}
 l - a potion of berserk rage {unknown}
Comestibles
 f - 13 rations


   Skills:
 + Level 3.3 Fighting
 + Level 2.2 Long Blades
 + Level 3.0 Armour
 + Level 3.0 Shields


You had 2 spell levels left.
You didn't know any spells.
Your spell library was empty.

Dungeon Overview and Level Annotations

Branches:
Dungeon (2/15)

Altars:
Uskayaw


Innate Abilities, Weirdness & Mutations

You are mostly covered in molten scales. (AC +3)


Message History

The goblin barely misses you.
You hit the goblin.
You kill the goblin!
You closely miss the kobold. You block the kobold's attack.
The kobold hits you.
You closely miss the kobold. The kobold hits you but does no damage.
Your shield and scale mail prevent you from hitting the kobold.
The kobold hits you but does no damage. x2
You hit the kobold.
The kobold is moderately wounded.
The kobold hits you but does no damage.
You hit the kobold.
The kobold is severely wounded.
The kobold hits you but does no damage.
You hit the kobold.
You kill the kobold!
The white imp gestures at you. The puff of frost hits you!!
You feel a terrible chill!
Ouch! That really hurt!
You die...

### #.###########
#...........#
#.#########.# #.#
..#@# #.# #.#†#
#.#%#####.#5#
######.#.......#.#
.....#.#.......#$#
####.#.#.......†(#
#.#.#..####5###
####.#.# ...
.....#.# ..#..


You could see a white imp.

Vanquished Creatures
  3 goblins
  6 hobgoblins
  3 jackals (D:2)
  6 kobolds
  4 bats
  A frilled lizard (D:2)
  9 rats
32 creatures vanquished.

Notes
Turn   | Place    | Note
-------+----------+-------------------------------------------
     0 | D:1      | BritishOli the Demonspawn Fighter began the quest for the
                  | Orb.
     0 | D:1      | Reached XP level 1. HP: 18/18 MP: 1/1
   344 | D:1      | Gained mutation: You are partially covered in molten
                  | scales. (AC +2) [demonic ancestry]
   344 | D:1      | Reached XP level 2. HP: 23/24 MP: 2/2
  1523 | D:2      | Gained mutation: You are mostly covered in molten scales.
                  | (AC +3) [demonic ancestry]
  1523 | D:2      | Reached XP level 3. HP: 29/29 MP: 3/3
  1575 | D:2      | Found a hide-covered altar of Uskayaw.
  1685 | D:2      | Killed from afar by a white imp

Illustrated notes

Levels and vault maps discovered:
D:1:      dpeg_arrival_central, layout_rooms
D:2:      lemuel_upstairs_altar, layout_basic, eat_drink_and_be_merry_uskayaw,
          serial_bayou_crossing

Skill      XL: |  1  2 |
---------------+-------+-----
Long Blades    | 2 |  2.2
Armour         | 3 |  3.0
Shields        | 3 |  3.0
Fighting       | |  3.3

Action                   || total
-------------------------++-------
Melee: Long sword        ||   137
  Eat: Ration            ||     1
Armor: Scale mail        ||   109
Dodge: Dodged            ||    40
Block: Kite shield       ||    78
       Rpst.: Long sword ||     9

Table legend:
 A = Non-vault XP
 B = Vault XP
 C = Vault XP percentage of total XP
 D = Non-vault monster count
 E = Vault monster count
 F = Vault count percentage of total count
                 A         B        C        D         E       F
            +---------+---------+-------+---------+---------+-------
      Total |      49 |       0 |   0.0 |      32 |       0 |   0.0
            +---------+---------+-------+---------+---------+-------
        D:1 |      20 |       0 |   0.0 |      14 |       0 |   0.0
        D:2 |      29 |       0 |   0.0 |      18 |       0 |   0.0
            +---------+---------+-------+---------+---------+-------
